 Dungeon Crawl Stone Soup version 0.28.0-43-g3370ac3207 (webtiles) character file.

Game seed: 11268248278828215301

2682 pkoi the Martial Artist (level 9, -2/75 HPs)
             Began as a White Draconian Monk on Mar 11, 2022.
             Was a Priest of Sif Muna.
             Slain by an orc
             ... wielding a +0 halberd
              (4 damage)
             ... in a bailey.
             The game lasted 00:13:30 (11866 turns).

pkoi the Martial Artist (White Draconian Monk)     Turns: 11866, Time: 00:13:30

Health: -2/75      AC:  7    Str: 14    XL:     9   Next: 37%
Magic:  24/24      EV: 16    Int: 14    God:    Sif Muna [***...]
Gold:   419        SH:  0    Dex: 20    Spells: 12/16 levels left

rFire   . . .      SeeInvis .     - Unarmed
rCold   + . .      Faith    .   (no shield)
rNeg    . . .      Spirit   .   (armour unavailable)
rPois   .          Reflect  .   (helmet restricted)
rElec   .          Harm     .   (no cloak)
rCorr   .          Rampage  .   (no gloves)
Will    .....                   (no boots)
Stlth   +++.......              t - amulet of magic regeneration
HPRegen 0.22/turn               e - +6 ring of dexterity
MPRegen 0.59/turn               o - ring of magical power

@: brilliant
A: breathe frost, AC +7, unfitting armour, cold resistance 1, cold-blooded
a: Breathe Frost, Renounce Religion, Channel Magic, Forget Spell


You were in a bailey.
You worshipped Sif Muna.
Sif Muna was most pleased with you.
You visited 2 branches of the dungeon, and saw 9 of its levels.
You also visited: Bailey.

You collected 419 gold pieces.

Inventory:

Hand Weapons
 l - a +2 dagger of venom
Jewellery
 e - a +6 ring of dexterity (left hand)
 o - a ring of magical power (right hand)
 t - an amulet of magic regeneration (around neck)
Wands
 i - a wand of charming (5)
 z - a wand of acid (6)
Scrolls
 h - 3 scrolls of identify
 m - a scroll of teleportation
 p - a scroll of fear
 u - a scroll of vulnerability
 x - a scroll of summoning
Potions
 b - 5 potions of haste
 d - 2 potions of brilliance
 f - a potion of flight
 g - 2 potions of curing
 n - a potion of ambrosia
 s - a potion of invisibility
 A - a potion of mutation


   Skills:
 - Level 6.0 Fighting
 - Level 6.0 Dodging
 - Level 3.0 Stealth
 * Level 9.3 Unarmed Combat
 + Level 4.4 Spellcasting
 + Level 0.8 Translocations


You had 12 spell levels left.
You knew the following spells:

 Your Spells              Type           Power      Damage    Failure   Level
a - Passage of Golubria   Tloc           8%         N/A       78%         4

Your spell library contained the following spells:

 Spells                   Type           Power      Damage    Failure   Level
 Magic Dart               Conj           16%        1d3       19%         1
 Call Imp                 Summ           4%         N/A       28%         2
 Searing Ray              Conj           8%         2d4       28%         2
 Static Discharge         Conj/Air       4%         N/A       28%         2
 Gell's Gravitas          Tloc           8%         N/A       36%         3
 Portal Projectile        Hex/Tloc       12%        N/A       43%         3
 Mephitic Cloud           Conj/Pois/Air  4%         N/A       50%         3
 Tukima's Dance           Hex            4%         N/A       50%         3
 Fulminant Prism          Conj/Hex       2%         3d6       88%         4
 Lightning Bolt           Conj/Air       2%         1d13      99%         5
 Summon Forest            Summ/Tloc      3%         N/A       99%         5
 Yara's Violent Unravell  Hex/Tmut       2%         3d3       99%         5
 Eringya's Noxious Bog    Tmut/Pois      2%         N/A       100%        6
 Maxwell's Capacitive Co  Air            2%         ∞         100%        8


Dungeon Overview and Level Annotations

Branches:
Dungeon (8/15)             Temple (1/1) D:5            Lair (0/6) D:8
 Bailey (1/1)

Altars:
Ashenzari
Cheibriados
Dithmenos
Fedhas
Gozag
Hepliaklqana
Kikubaaqudgha
Makhleb
Okawaru
Qazlal
Sif Muna
Trog
Vehumet
Wu Jian
Xom
Yredelemnul
Zin


Innate Abilities, Weirdness & Mutations

You can breathe waves of freezing cold which knock back foes.
Your icy white scales are hard. (AC +7)
You cannot fit into any form of body armour.
Your flesh is cold resistant. (rC+)
You are cold-blooded and may be slowed by cold attacks.


Message History

You tail-slap the orc warrior, but do no damage.
The orc warrior is severely wounded.
The orc warrior hits you with a +0 glaive!
* * * LOW HITPOINT WARNING * * *
The orc barely misses you.
You hit the orc warrior but do no damage.
The orc warrior is severely wounded.
The orc warrior hits you with a +0 glaive.
* * * LOW HITPOINT WARNING * * *
The orc hits you with a +0 hand axe.
* * * LOW HITPOINT WARNING * * *
You hit the orc warrior but do no damage.
You tail-slap the orc warrior.
The orc warrior is almost dead.
The orc warrior hits you with a +0 glaive.
* * * LOW HITPOINT WARNING * * *
Unknown command.
You hit the orc warrior but do no damage.
The orc warrior is severely wounded.
The orc hits you but does no damage.
The orc warrior hits you with a +0 glaive!!
* * * LOW HITPOINT WARNING * * *
Unknown command.
Okay, then.
Okay, then.
It was a potion of brilliance.
You feel clever all of a sudden. The orc misses you.
The orc warrior closely misses you.
It was a potion of curing.
You feel better. The orc hits you with a +0 hand axe.
* * * LOW HITPOINT WARNING * * *
The orc warrior hits you with a +0 glaive!
* * * LOW HITPOINT WARNING * * *
As you read the scroll of fear, it crumbles to dust.
You assume a fearsome visage.
The orc looks frightened!
The orc warrior looks frightened!
The orc cowers, then darts away.
The orc pleads, "Why can't we all just get along?"
The orc hits you from afar with a +0 halberd.
You die...

#######
##..∩..##
#.......#
#∩.o...∩#
#...).o.#
#.))))o@#
#..#)#..#
#)##8##o#
#..#.#..#
#....o..#
#.......#
#.......#
##.....##
###'###


You could see an orc warrior (fleeing) and 3 orcs.

Vanquished Creatures
  Pikel (D:4)
  A meliai zombie (D:7)
  2 water moccasins
  2 ice beasts
  A black bear (D:6)
  An orc warrior (Bailey)
  An ogre (D:5)
  A centaur (D:5)
  Blork the orc (D:5)
  4 bullfrogs
  2 scorpions
  A water moccasin zombie (D:5)
  A bullfrog zombie (D:5)
  2 orc priests
  4 hounds
  4 jellies
  A bullfrog skeleton (D:6)
  3 iguanas
  4 orc wizards
  2 hound skeletons (D:4)
  6 gnolls (D:4)
  A howler monkey skeleton (D:7)
  4 adders
  3 white imps (D:6)
  5 worms
  A dart slug (D:1)
  24 orcs
  3 endoplasms
  4 giant cockroaches
  12 goblins
  6 hobgoblins
  2 jackals (D:5)
  4 quokkas
  7 ball pythons
  A bat (D:1)
  4 frilled lizards
  8 kobolds
  6 rats
140 creatures vanquished.

Notes
Turn   | Place    | Note
-------+----------+-------------------------------------------
     0 | D:1      | pkoi the Draconian Monk began the quest for the Orb.
     0 | D:1      | Reached XP level 1. HP: 19/19 MP: 1/1
   637 | D:1      | Reached XP level 2. HP: 26/26 MP: 2/2
   644 | D:1      | You fall into a shaft and drop 1 floor!
  1474 | D:1      | Found a faded altar of an unknown god.
  1663 | D:2      | Found a blossoming altar of Fedhas.
  2362 | D:2      | Reached XP level 3. HP: 31/31 MP: 3/3
  3233 | D:3      | Found a basalt altar of Yredelemnul.
  3326 | D:3      | Found a shimmering altar of Xom.
  3839 | D:3      | Found an ornate altar of the Wu Jian Council.
  3857 | D:3      | Reached XP level 4. HP: 27/40 MP: 4/4
  4144 | D:4      | Reached skill level 4 in Unarmed Combat
  4236 | D:4      | Reached XP level 5. HP: 18/46 MP: 5/5
  4576 | D:4      | Found a snail-covered altar of Cheibriados.
  4749 | D:4      | Reached skill level 5 in Unarmed Combat
  4749 | D:4      | Reached XP level 6. HP: 48/53 MP: 6/6
  5236 | D:5      | Entered Level 5 of the Dungeon
  5735 | D:5      | Noticed Blork the orc
  5748 | D:5      | Killed Blork the orc
  6076 | D:5      | Reached skill level 5 in Fighting
  6080 | D:5      | Found a staircase to the Ecumenical Temple.
  6081 | D:5      | Noticed an ice beast
  6110 | D:5      | Killed an ice beast
  6111 | D:5      | Your scales start taking on an icy white colour.
  6111 | D:5      | Reached XP level 7. HP: 13/61 MP: 7/7
  6111 | D:5      | Gained mutation: Your flesh is cold resistant. (rC+) [White
                  | Draconian growth]
  6365 | Temple   | Entered the Ecumenical Temple
  6779 | Temple   | Became a worshipper of Sif Muna the Loreminder
  6779 | Temple   | Reached * piety under Sif Muna
  6779 | Temple   | Reached ** piety under Sif Muna
  6837 | D:5      | Noticed Pikel
  6923 | D:4      | Killed Pikel
  6924 | D:4      | Reached skill level 6 in Unarmed Combat
  6924 | D:4      | Reached skill level 1 in Spellcasting
  6924 | D:4      | Reached XP level 8. HP: 21/70 MP: 10/10
  7425 | D:5      | Reached skill level 7 in Unarmed Combat
  8138 | D:5      | Reached skill level 5 in Dodging
  9032 | D:6      | Reached skill level 8 in Unarmed Combat
  9734 | D:6      | Reached XP level 9. HP: 75/75 MP: 14/14
 10250 | D:7      | Noticed a skeletal warrior
 10250 | D:7      | Noticed a skeletal warrior
 10250 | D:7      | Noticed a skeletal warrior
 10370 | D:7      | Found a glowing silver altar of Zin.
 10964 | D:7      | Identified a scroll of acquirement
 10964 | D:7      | Acquired the Guide on Dislocation and Poisoning
 11048 | D:7      | Reached skill level 9 in Unarmed Combat
 11112 | D:7      | HP: 2/75 [water moccasin (2)]
 11436 | D:7      | Learned a level 4 spell: Passage of Golubria
 11480 | D:8      | Found a flagged portal.
 11506 | Bailey   | Entered a bailey
 11526 | Bailey   | Reached *** piety under Sif Muna
 11864 | Bailey   | HP: 1/75 [orc warrior/+0 glaive (11)]
 11866 | Bailey   | Slain by an orc

Illustrated notes

Levels and vault maps discovered:
D:1:      evilmike_arrival_plus, layout_loops_corners,
          shapermc_ecumenical_altar_petra
D:2:      layout_basic, basic_altar
D:3:      layout_loops_cross, nicolae_wu_jian_immortal_techniques,
          nicolae_overflow_squiral, hangedman_decor_push
D:4:      layout_cave_pools, cheibrodos_worm_habitat
D:5:      layout_gridville, minmay_temple_entry_enclosed_plants,
          dk_noncrumbling_3, uniq_pikel, uniq_blork_the_orc
D:6:      layout_basic, chequers_decorated_corner, kennysheep_small_circle
D:7:      layout_basic, zin_statuary, gammafunk_temple_overflow_pools, tso_altar
D:8:      layout_loops_ring, lemuel_doored_altar,
          grunt_lair_entry_orc_guard_hut, enter_bailey_5, serial_shops,
          nicolae_shop_hallway_stairs, uniq_gastronok, uniq_maurice,
          uniq_psyche, uniq_joseph
Temple:   minmay_temple_forest_path
Bailey:   bailey_polearm_5, bailey

Skill      XL: |  1  2  3  4  5  6  7  8  9 |
---------------+----------------------------+-----
Stealth        | 2 3 |  3.0
Dodging        | 3 4 5 6 |  6.0
Unarmed Combat | 4 5 6 8 9 |  9.3
Fighting       | 4 5 6 |  6.0
Spellcasting   | 1 3 4 |  4.4
Translocations | |  0.8

Action                   |  1- 3 |  4- 6 |  7- 9 || total
-------------------------+-------+-------+-------++-------
Melee: Unarmed           |    61 |     5 |   278 ||   344
       Tailslap          |    17 |    24 |    52 ||    93
       Dagger            |    76 |   111 |     6 ||   193
       Punch             |     2 |     5 |    13 ||    20
 Abil: Breathe Frost     |       |       |     4 ||     4
Evoke: Wand              |       |       |     1 ||     1
  Use: Scroll            |     1 |       |    19 ||    20
       Potion            |       |       |     4 ||     4
 Stab: Sleeping          |    12 |     7 |     5 ||    24
       Distracted        |       |     1 |     1 ||     2
Armor: Skin              |    22 |    18 |    67 ||   107
Dodge: Dodged            |    74 |    82 |   226 ||   382
